Match 46287424
Unlisted

Match 46287424
End
Selects Italian Combined Arms Battlegroup
Selects Bersaglieri Squad
Bersaglieri Squad
Kradschützen Motorcycle Team
Bersaglieri Squad
Panzergrenadier Squad
Construct Light Support Kompanie
2.5-tonne Medical Truck
Selects Vehicle Support - Secure Location
Fire Support Elements
Vehicle Survival Package
Flakvierling Half-track
Selects Breda Model 30 Light Machine Guns
Panzerjäger Mechanized Group
Flakvierling Half-track
Veteran Squad Leaders
Tungsten Core Ammunition
Construct Panzerarmee Kommand
Skeng.Tecnica.International
a_rotator
0
0

Comments sign in to comment!

No comments posted yet!